TOP OF THE 1ST |
Albuquerque Isotopes batting - Pitching for Reno Aces : RHP Jeff Whaley
|
Pitching: RHP Jeff Whaley
|
|
Batting: LHB Pablo Cardona
|
0-0: Ball 1-0: Ball 2-0: Called Strike 2-1: Foul Ball, location: 2F 2-2: Strikes out swinging
|
Batting: RHB Eddie McCoy
|
0-0: Swinging Strike 0-1: Foul Ball, location: 2F 0-2: Ball 1-2: Fly out, F4 (Popup, 34S, EV 81.9 MPH)
|
Batting: RHB Adrian Rudkilde
|
0-0: Ball 1-0: SINGLE (Groundball, 6MD, EV 97.5 MPH)
|
Batting: LHB Chad Persaud
|
0-0: Called Strike 0-1: Called Strike 0-2: Ball 1-2: Foul Ball, location: 2F 1-2: Foul Ball, location: 2F 1-2: Ground out 4-3 (Groundball, 34S, EV 83.8 MPH)
|
Top of the 1st over - 0 runs, 1 hit, 0 errors, 1 left on base; Albuquerque 0 - Reno 0 |
BOTTOM OF THE 1ST |
Reno Aces batting - Pitching for Albuquerque Isotopes : RHP Jose Avila
|
Pitching: RHP Jose Avila
|
|
Batting: SHB Carlos Rodriguez
|
0-0: Called Strike 0-1: SINGLE (Groundball, 34D, EV 103.1 MPH)
|
Batting: LHB Jeff Densmore
|
0-0: Ball 1-0: Fly out, F8 (Flyball, 8LXD, EV 97.5 MPH)
|
Batting: LHB Ian Jarvis
|
0-0: Ball 1-0: Ball 2-0: Fly out, F6 (Popup, 4MD, EV 71.2 MPH)
|
Batting: RHB Jesus Galvan
|
0-0: Ball 1-0: SINGLE (Flyball, 6D, EV 83.1 MPH) Carlos Rodriguez to second
|
Batting: LHB Rich Butler
|
0-0: Called Strike 0-1: Ball 1-1: Swinging Strike 1-2: Ball 2-2: Fly out, F8 (Flyball, 8RM, EV 91.9 MPH)
|
Bottom of the 1st over - 0 runs, 2 hits, 0 errors, 2 left on base; Albuquerque 0 - Reno 0 |
TOP OF THE 2ND |
Albuquerque Isotopes batting - Pitching for Reno Aces : RHP Jeff Whaley
|
Batting: RHB Herb McIntyre
|
0-0: Called Strike 0-1: Fly out, F8 (Flyball, 8RXD, EV 105.6 MPH)
|
Batting: LHB Gabe Harvey
|
0-0: SINGLE (Groundball, 4MD, EV 99.4 MPH)
|
Batting: RHB Chris King
|
0-0: Called Strike 0-1: Ball 1-1: Foul Ball, location: 2F 1-2: Fielders Choice at 2nd, 5-4 (Groundball, 56, EV 86.2 MPH)
|
Batting: LHB Adam Hill
|
0-0: Ball 1-0: Ball 2-0: Swinging Strike 2-1: Swinging Strike 2-2: Strikes out swinging
|
Top of the 2nd over - 0 runs, 1 hit, 0 errors, 1 left on base; Albuquerque 0 - Reno 0 |
BOTTOM OF THE 2ND |
Reno Aces batting - Pitching for Albuquerque Isotopes : RHP Jose Avila
|
Batting: LHB Steve Reinhart
|
0-0: Called Strike 0-1: Ball 1-1: Called Strike 1-2: Ball 2-2: Ball 3-2: Foul Ball, location: 2F 3-2: Fly out, F8 (Flyball, 8RD, EV 84.4 MPH)
|
Batting: RHB Roberto Rodriguez
|
0-0: Called Strike 0-1: Ball 1-1: Ball 2-1: Single, Error in OF, E9, batter to second base (Line Drive, 89S, EV 95.0 MPH)
|
Batting: RHB Danny Gerardo
|
0-0: SINGLE (Groundball, 6MD, EV 100.6 MPH) Roberto Rodriguez to third
|
Batting: RHB Justin Aslinger
|
0-0: Ball Danny Gerardo steals 2nd base 1-0: Ball 2-0: Called Strike 2-1: Swinging Strike 2-2: Foul Ball, location: 2F 2-2: Fly out, F9 (Flyball, 9D, EV 100.0 MPH) Runner from 3rd tags up, SCORES, no throw by RF Danny Gerardo to third
|
Batting: SHB Carlos Rodriguez
|
0-0: Ball 1-0: Fly out, F7 (Flyball, 78D, EV 100.6 MPH)
|
Bottom of the 2nd over - 1 run, 2 hits, 1 error, 1 left on base; Albuquerque 0 - Reno 1 |
TOP OF THE 3RD |
Albuquerque Isotopes batting - Pitching for Reno Aces : RHP Jeff Whaley
|
Batting: RHB Vinny Estrada
|
0-0: Ball 1-0: SINGLE (Line Drive, 7S, EV 106.2 MPH)
|
Batting: LHB Pablo Cardona
|
0-0: Called Strike Vinny Estrada steals 2nd base 0-1: Ball 1-1: Ball 2-1: Ground out U3 (Groundball, 34S, EV 86.9 MPH) Vinny Estrada to third
|
Batting: RHB Eddie McCoy
|
0-0: Ball 1-0: Foul Ball, location: 2F 1-1: Fly out, F8 (Flyball, 8LD, EV 91.9 MPH)
|
Batting: RHB Adrian Rudkilde
|
0-0: Ball 1-0: Called Strike 1-1: Ball 2-1: Fly out, F7 (Flyball, 78S, EV 88.8 MPH)
|
Top of the 3rd over - 0 runs, 1 hit, 0 errors, 1 left on base; Albuquerque 0 - Reno 1 |
BOTTOM OF THE 3RD |
Reno Aces batting - Pitching for Albuquerque Isotopes : RHP Jose Avila
|
Batting: LHB Jeff Densmore
|
0-0: Ground out U3 (Groundball, 3, EV 78.1 MPH)
|
Batting: LHB Ian Jarvis
|
0-0: Ball 1-0: Ball 2-0: Ball 3-0: Foul Ball, location: 2F 3-1: Base on Balls
|
Batting: RHB Jesus Galvan
|
0-0: Called Strike 0-1: Ball 1-1: Ball 2-1: Ball 3-1: Foul Ball, location: 2F 3-2: Grounds into double play, 4-6-3 (Groundball, 4, EV 99.4 MPH)
|
Bottom of the 3rd over - 0 runs, 0 hits, 0 errors, 0 left on base; Albuquerque 0 - Reno 1 |
TOP OF THE 4TH |
Albuquerque Isotopes batting - Pitching for Reno Aces : RHP Jeff Whaley
|
Batting: LHB Chad Persaud
|
0-0: Hit by Pitch
|
Batting: RHB Herb McIntyre
|
0-0: Ball 1-0: Ball Chad Persaud is caught stealing 2nd base 2-4 2-0: Called Strike 2-1: Foul Ball, location: 2F 2-2: Strikes out swinging
|
Batting: LHB Gabe Harvey
|
0-0: Called Strike 0-1: Called Strike 0-2: Ball 1-2: Foul Ball, location: 2F 1-2: Fly out, F8 (Flyball, 8LM, EV 92.5 MPH)
|
Top of the 4th over - 0 runs, 0 hits, 0 errors, 0 left on base; Albuquerque 0 - Reno 1 |
BOTTOM OF THE 4TH |
Reno Aces batting - Pitching for Albuquerque Isotopes : RHP Jose Avila
|
Batting: LHB Rich Butler
|
0-0: Called Strike 0-1: Foul Ball, location: 2F 0-2: Fly out, F9 (Flyball, 89M, EV 92.5 MPH)
|
Batting: LHB Steve Reinhart
|
0-0: Ball 1-0: Ball 2-0: Ball 3-0: Base on Balls
|
Batting: RHB Roberto Rodriguez
|
0-0: Ball 1-0: Ball 2-0: Ball 3-0: Called Strike 3-1: Called Strike 3-2: SINGLE (Groundball, 6S, EV 98.1 MPH) Steve Reinhart to second Runner from 2nd tries for 3rd, SAFE, throw by LF made at trailing runner, OUT! 7-4
|
Batting: RHB Danny Gerardo
|
0-0: Ball 1-0: Ground out 1-3 (Groundball, 13S, EV 66.2 MPH)
|
Bottom of the 4th over - 0 runs, 1 hit, 0 errors, 1 left on base; Albuquerque 0 - Reno 1 |
TOP OF THE 5TH |
Albuquerque Isotopes batting - Pitching for Reno Aces : RHP Jeff Whaley
|
Batting: RHB Chris King
|
0-0: Ball 1-0: Fly out, F9 (Flyball, 89S, EV 78.1 MPH)
|
Batting: LHB Adam Hill
|
0-0: Ball 1-0: Called Strike 1-1: Ground out 4-3 (Groundball, 4M, EV 106.9 MPH)
|
Batting: RHB Vinny Estrada
|
0-0: SINGLE (Groundball, 56D, EV 98.1 MPH)
|
Batting: LHB Pablo Cardona
|
0-0: Foul Ball, location: 2F 0-1: Foul Ball, location: 2F 0-2: Strikes out swinging
|
Top of the 5th over - 0 runs, 1 hit, 0 errors, 1 left on base; Albuquerque 0 - Reno 1 |
BOTTOM OF THE 5TH |
Reno Aces batting - Pitching for Albuquerque Isotopes : RHP Jose Avila
|
Batting: RHB Justin Aslinger
|
0-0: Ball 1-0: Swinging Strike 1-1: Ball 2-1: Foul Ball, location: 2F 2-2: Strikes out swinging
|
Batting: SHB Carlos Rodriguez
|
0-0: SINGLE (Groundball, 6M, EV 98.8 MPH) (infield hit)
|
Batting: LHB Jeff Densmore
|
0-0: Ball 1-0: Ball 2-0: 2-RUN HOME RUN (Flyball, 7D, EV 108.8 MPH), Distance : 418 ft
|
Batting: LHB Ian Jarvis
|
0-0: Ball 1-0: Called Strike 1-1: Swinging Strike 1-2: Ball 2-2: SINGLE (Groundball, 56S, EV 63.8 MPH) (infield hit)
|
Batting: RHB Jesus Galvan
|
0-0: Called Strike 0-1: Ball Ian Jarvis is caught stealing 2nd base 2-4 1-1: Called Strike 1-2: Fly out, F6 (Line Drive, 6M, EV 65.6 MPH)
|
Bottom of the 5th over - 2 runs, 3 hits, 0 errors, 0 left on base; Albuquerque 0 - Reno 3 |
TOP OF THE 6TH |
Albuquerque Isotopes batting - Pitching for Reno Aces : RHP Jeff Whaley
|
Batting: RHB Eddie McCoy
|
0-0: Fly out, F8 (Flyball, 89M, EV 84.4 MPH)
|
Batting: RHB Adrian Rudkilde
|
0-0: Ball 1-0: Swinging Strike 1-1: Swinging Strike 1-2: Foul Ball, location: 2F 1-2: Ball 2-2: Ball 3-2: Fly out, F7 (Flyball, 78M, EV 92.5 MPH)
|
Batting: LHB Chad Persaud
|
0-0: Called Strike 0-1: Called Strike 0-2: Strikes out looking
|
Top of the 6th over - 0 runs, 0 hits, 0 errors, 0 left on base; Albuquerque 0 - Reno 3 |
BOTTOM OF THE 6TH |
Reno Aces batting - Pitching for Albuquerque Isotopes : RHP Jose Avila
|
Batting: LHB Rich Butler
|
0-0: Called Strike 0-1: Ball 1-1: Swinging Strike 1-2: Strikes out swinging
|
Batting: LHB Steve Reinhart
|
0-0: Called Strike 0-1: Fly out, F7 (Flyball, 78D, EV 85.0 MPH)
|
Batting: RHB Roberto Rodriguez
|
0-0: Called Strike 0-1: Ball 1-1: Called Strike 1-2: Strikes out swinging
|
Bottom of the 6th over - 0 runs, 0 hits, 0 errors, 0 left on base; Albuquerque 0 - Reno 3 |
TOP OF THE 7TH |
Albuquerque Isotopes batting - Pitching for Reno Aces : RHP Jeff Whaley
|
Now at 1B: Cesar Chavez
|
|
Now at 2B: Edgar Garcia
|
|
Now at 3B: Steve Reinhart
|
|
Batting: RHB Herb McIntyre
|
0-0: Ball 1-0: Called Strike 1-1: DOUBLE (Line Drive, 5D, EV 108.1 MPH)
|
Batting: LHB Gabe Harvey
|
0-0: Ball 1-0: Called Strike 1-1: Ball 2-1: Ball 3-1: Ground out 4-3 (Groundball, 4M, EV 78.8 MPH) Herb McIntyre to third
|
Batting: RHB Chris King
|
0-0: Ball 1-0: Called Strike 1-1: Fly out, F8 (Flyball, 8RS, EV 87.5 MPH)
|
Batting: LHB Adam Hill
|
0-0: Ball 1-0: Ball 2-0: Ball 3-0: Called Strike 3-1: SINGLE (Groundball, 4MS, EV 98.8 MPH) Herb McIntyre scores
|
Pitching: RHP Jose Fernandez
|
|
Batting: RHB Vinny Estrada
|
0-0: Called Strike 0-1: Called Strike 0-2: Strikes out looking
|
Top of the 7th over - 1 run, 2 hits, 0 errors, 1 left on base; Albuquerque 1 - Reno 3 |
BOTTOM OF THE 7TH |
Reno Aces batting - Pitching for Albuquerque Isotopes : RHP Jose Avila
|
Batting: RHB Danny Gerardo
|
0-0: Ball 1-0: Ball 2-0: Foul Ball, location: 2F 2-1: Swinging Strike 2-2: Fly out, F9 (Line Drive, 9, EV 89.4 MPH)
|
Batting: RHB Edgar Garcia
|
0-0: Fly out, F9 (Flyball, 9S, EV 91.9 MPH)
|
Batting: SHB Carlos Rodriguez
|
0-0: Swinging Strike 0-1: Ball 1-1: Ball 2-1: Ball 3-1: Foul Ball, location: 2F 3-2: Base on Balls
|
Pitching: LHP Jim McCutcheon
|
|
Batting: LHB Jeff Densmore
|
0-0: Ball 1-0: Called Strike 1-1: Fly out, F7 (Flyball, 7D, EV 95.0 MPH)
|
Bottom of the 7th over - 0 runs, 0 hits, 0 errors, 1 left on base; Albuquerque 1 - Reno 3 |
TOP OF THE 8TH |
Albuquerque Isotopes batting - Pitching for Reno Aces : RHP Jose Fernandez
|
Batting: LHB Pablo Cardona
|
0-0: Ball 1-0: Ball 2-0: Called Strike 2-1: Ball 3-1: Foul Ball, location: 2F 3-2: Strikes out swinging
|
Batting: RHB Eddie McCoy
|
0-0: Ball 1-0: Foul Ball, location: 2F 1-1: Called Strike 1-2: Ball 2-2: Ground out 6-3 (Groundball, 6D, EV 86.2 MPH)
|
Batting: RHB Adrian Rudkilde
|
0-0: Swinging Strike 0-1: Ball 1-1: Foul Ball, location: 2F 1-2: Strikes out swinging
|
Top of the 8th over - 0 runs, 0 hits, 0 errors, 0 left on base; Albuquerque 1 - Reno 3 |
BOTTOM OF THE 8TH |
Reno Aces batting - Pitching for Albuquerque Isotopes : LHP Jim McCutcheon
|
Batting: LHB Ian Jarvis
|
0-0: Fly out, F9 (Flyball, 89S, EV 87.5 MPH)
|
Batting: RHB Jesus Galvan
|
0-0: Ground out 5-3 (Groundball, 56, EV 78.8 MPH)
|
Batting: RHB Cesar Chavez
|
0-0: Called Strike 0-1: Fly out, F5 (Line Drive, 56, EV 68.8 MPH)
|
Bottom of the 8th over - 0 runs, 0 hits, 0 errors, 0 left on base; Albuquerque 1 - Reno 3 |
TOP OF THE 9TH |
Albuquerque Isotopes batting - Pitching for Reno Aces : RHP Jose Fernandez
|
Pitching: LHP Afanasy Apatenko
|
|
Batting: LHB Chad Persaud
|
0-0: Called Strike 0-1: DOUBLE (Line Drive, 89M, EV 100.0 MPH)
|
Batting: RHB Herb McIntyre
|
0-0: Ball 1-0: Ball 2-0: Ball 3-0: Base on Balls
|
Batting: LHB Gabe Harvey
|
0-0: Ball 1-0: TRIPLE (Flyball, 89XD, EV 102.5 MPH) Chad Persaud scores Herb McIntyre scores
|
Batting: RHB Chris King
|
0-0: Intentional Walk
|
Pinch Hitting: RHB Logan Morgan
|
0-0: SINGLE (Groundball, 6, EV 93.1 MPH) (infield hit) Gabe Harvey scores Chris King to second
|
Batting: RHB Vinny Estrada
|
0-0: Bunt - Flyout to P! F1
|
Batting: LHB Pablo Cardona
|
0-0: Called Strike 0-1: Swinging Strike 0-2: Ball 1-2: Ball 2-2: Ball 3-2: Strikes out swinging
|
Batting: RHB Eddie McCoy
|
0-0: Foul Ball, location: 2F 0-1: Ball 1-1: Called Strike 1-2: SINGLE (Flyball, 8RS, EV 92.5 MPH) Chris King to third Logan Morgan to second
|
Batting: RHB Adrian Rudkilde
|
0-0: Called Strike 0-1: Foul Ball, location: 2F 0-2: Fielders Choice at 2nd, 6-4 (Groundball, 6, EV 84.4 MPH)
|
Top of the 9th over - 3 runs, 4 hits, 0 errors, 3 left on base; Albuquerque 4 - Reno 3 |
BOTTOM OF THE 9TH |
Reno Aces batting - Pitching for Albuquerque Isotopes : LHP Jim McCutcheon
|
Pitching: RHP Curtis Gumbs
|
|
Now at C: Mitchell Greene
|
|
Now at 1B: Chris King
|
|
Now at SS: Bobby Heagle
|
|
Now in RF: Vinny Estrada
|
|
Batting: LHB Steve Reinhart
|
0-0: Called Strike 0-1: Swinging Strike 0-2: Ground out 5-3 (Groundball, 5L, EV 98.1 MPH)
|
Batting: RHB Roberto Rodriguez
|
0-0: Foul Ball, location: 2F 0-1: Ball 1-1: Ground out 6-3 (Groundball, 6, EV 82.5 MPH)
|
Pinch Hitting: SHB Gerardo Flores
|
0-0: Ground out U3 (Groundball, 3, EV 93.8 MPH)
|
Bottom of the 9th over - 0 runs, 0 hits, 0 errors, 0 left on base; Albuquerque 4 - Reno 3 |
|